MLB
NEW YORK METS @ CHICAGO WHITE SOX
04/23/2039
 
TOP OF THE 1ST
New York Mets batting - Pitching for Chicago White Sox : RHP Steve Roice
Pitching: RHP Steve Roice
Batting: RHB Henry Cano 0-0: Called Strike
0-1: Ball
1-1: Ball
2-1: Called Strike
2-2: Ball
3-2: Fly out, F9 (Flyball, 89M, EV 90.0 MPH)
Batting: RHB Dan Serratos 0-0: Called Strike
0-1: Foul Ball, location: 2F
0-2: Fly out, F7 (Flyball, 78M, EV 90.6 MPH)
Batting: RHB Juan Fernandez 0-0: Ball
1-0: Ball
2-0: Called Strike
2-1: Ground out 6-3 (Groundball, P, EV 81.3 MPH)
Top of the 1st over - 0 runs, 0 hits, 0 errors, 0 left on base; New York 0 - Chicago 0
BOTTOM OF THE 1ST
Chicago White Sox batting - Pitching for New York Mets : RHP Chotaro Tomita
Pitching: RHP Chotaro Tomita
Batting: LHB Steve Irons 0-0: DOUBLE (Line Drive, 9LD, EV 106.9 MPH)
Batting: LHB Dave Hernanez 0-0: Ball
1-0: Ground out 4-3 (Groundball, 4, EV 76.3 MPH)
Steve Irons to third
Batting: RHB Jake Fleece 0-0: Foul Ball, location: 5FF
0-1: Ball
1-1: Called Strike
1-2: Ball
2-2: Strikes out swinging
Batting: LHB Sergio Lucio 0-0: Called Strike
0-1: Called Strike
0-2: Ball
1-2: Foul Ball, location: 2F
1-2: Ground out 4-3 (Groundball, 34D, EV 98.8 MPH)
Bottom of the 1st over - 0 runs, 1 hit, 0 errors, 1 left on base; New York 0 - Chicago 0
TOP OF THE 2ND
New York Mets batting - Pitching for Chicago White Sox : RHP Steve Roice
Batting: LHB Zayne Sorto 0-0: Ball
1-0: Called Strike
1-1: Foul Ball, location: 5DF
1-2: Fly out, F7 (Flyball, 7, EV 97.5 MPH)
Batting: SHB C.J. Youakim 0-0: Ball
1-0: Swinging Strike
1-1: Foul Ball, location: 2F
1-2: Foul Ball, location: 7LMF
1-2: Ball
2-2: Foul Ball, location: 9LDF
2-2: Strikes out swinging
Batting: RHB Bobby Vargas 0-0: Called Strike
0-1: Ball
1-1: Fly out, F9 (Flyball, 89S, EV 94.4 MPH)
Top of the 2nd over - 0 runs, 0 hits, 0 errors, 0 left on base; New York 0 - Chicago 0
BOTTOM OF THE 2ND
Chicago White Sox batting - Pitching for New York Mets : RHP Chotaro Tomita
Batting: RHB A.J. Kackley 0-0: Swinging Strike
0-1: Fly out, F4 (Flyball, 34D, EV 92.5 MPH)
Batting: LHB Riley Greene 0-0: Ball
1-0: Foul Ball, location: 3FF
1-1: Ball
2-1: Ground out U3 (Groundball, 34S, EV 61.9 MPH)
Batting: SHB Guilhem Flores 0-0: Ball
1-0: Called Strike
1-1: Fly out, F3 (Popup, 3S, EV 86.9 MPH)
Bottom of the 2nd over - 0 runs, 0 hits, 0 errors, 0 left on base; New York 0 - Chicago 0
TOP OF THE 3RD
New York Mets batting - Pitching for Chicago White Sox : RHP Steve Roice
Batting: RHB Loys Moscoso 0-0: Ball
1-0: Ball
2-0: Called Strike
2-1: Foul Ball, location: 9LSF
2-2: Fly out, F9 (Flyball, 9, EV 92.5 MPH)
Batting: RHB Ben Sweeney 0-0: Ball
1-0: Ground out U3 (Groundball, 3, EV 85.6 MPH)
Batting: RHB Julian Moreno 0-0: Ball
1-0: Ball
2-0: Foul Ball, location: 25F
2-1: Ball
3-1: Base on Balls
Batting: RHB Henry Cano 0-0: Called Strike
0-1: Foul Ball, location: 2F
0-2: Ball
1-2: Ball
2-2: Foul Ball, location: 2F
2-2: Strikes out swinging
Top of the 3rd over - 0 runs, 0 hits, 0 errors, 1 left on base; New York 0 - Chicago 0
BOTTOM OF THE 3RD
Chicago White Sox batting - Pitching for New York Mets : RHP Chotaro Tomita
Batting: RHB Jose Zuniga 0-0: Ball
1-0: Ball
2-0: Ball
3-0: Called Strike
3-1: Fly out, F6 (Line Drive, 56D, EV 68.8 MPH)
Batting: LHB Chris Padilla 0-0: Ball
1-0: Ball
2-0: Called Strike
2-1: Foul Ball, location: 7LMFF
2-2: Ball
3-2: Foul Ball, location: 5F
3-2: Foul Ball, location: 2F
3-2: Foul Ball, location: 2F
3-2: Strikes out swinging
Batting: LHB Steve Irons 0-0: Called Strike
0-1: SOLO HOME RUN (Flyball, 8LXD, EV 108.1 MPH), Distance : 426 ft
Batting: LHB Dave Hernanez 0-0: Ball
1-0: Ball
2-0: Swinging Strike
2-1: Swinging Strike
2-2: Fly out, F9 (Line Drive, 9, EV 106.3 MPH)
Bottom of the 3rd over - 1 run, 1 hit, 0 errors, 0 left on base; New York 0 - Chicago 1
TOP OF THE 4TH
New York Mets batting - Pitching for Chicago White Sox : RHP Steve Roice
Batting: RHB Dan Serratos 0-0: Ball
1-0: SOLO HOME RUN (Flyball, 9D, EV 93.1 MPH), Distance : 370 ft
Batting: RHB Juan Fernandez 0-0: SOLO HOME RUN (Flyball, 7D, EV 95.6 MPH), Distance : 368 ft
Batting: LHB Zayne Sorto 0-0: Ground out 4-3 (Groundball, 4, EV 99.4 MPH)
Batting: SHB C.J. Youakim 0-0: Foul Ball, location: 2F
0-1: Foul Ball, location: 25F
0-2: Strikes out swinging
Batting: RHB Bobby Vargas 0-0: Called Strike
0-1: Called Strike
0-2: Ball
1-2: Ball
2-2: Ball
3-2: Strikes out swinging
Top of the 4th over - 2 runs, 2 hits, 0 errors, 0 left on base; New York 2 - Chicago 1
BOTTOM OF THE 4TH
Chicago White Sox batting - Pitching for New York Mets : RHP Chotaro Tomita
Batting: RHB Jake Fleece 0-0: Called Strike
0-1: Ball
1-1: Ball
2-1: Ball
3-1: SINGLE (Flyball, 56D, EV 93.1 MPH)
Batting: LHB Sergio Lucio 0-0: Ball
1-0: Ball
2-0: Fielders Choice at 2nd, 1-6 (Groundball, 13S, EV 64.4 MPH)
Batting: RHB A.J. Kackley 0-0: Foul Ball, location: 2RF
0-1: Ball
1-1: Ball
2-1: Foul Ball, location: 9LDF
2-2: Grounds into double play, 5-4-3 (Groundball, 56, EV 81.9 MPH)
Bottom of the 4th over - 0 runs, 1 hit, 0 errors, 0 left on base; New York 2 - Chicago 1
TOP OF THE 5TH
New York Mets batting - Pitching for Chicago White Sox : RHP Steve Roice
Batting: RHB Loys Moscoso 0-0: Ball
1-0: Ball
2-0: Ground out 6-3 (Groundball, 6S, EV 86.9 MPH)
Batting: RHB Ben Sweeney 0-0: Foul Ball, location: 7LSF
0-1: Foul Ball, location: 7LSF
0-2: Strikes out swinging
Batting: RHB Julian Moreno 0-0: Ball
1-0: Foul Ball, location: 23F
1-1: Called Strike
1-2: Strikes out looking
Top of the 5th over - 0 runs, 0 hits, 0 errors, 0 left on base; New York 2 - Chicago 1
BOTTOM OF THE 5TH
Chicago White Sox batting - Pitching for New York Mets : RHP Chotaro Tomita
Batting: LHB Riley Greene 0-0: Called Strike
0-1: Ball
1-1: Ball
2-1: Ball
3-1: Called Strike
3-2: Strikes out looking
Batting: SHB Guilhem Flores 0-0: Called Strike
0-1: Called Strike
0-2: Ball
1-2: Ball
2-2: Ball
3-2: Base on Balls
Batting: RHB Jose Zuniga 0-0: Swinging Strike
0-1: Swinging Strike
0-2: Strikes out looking
Batting: LHB Chris Padilla 0-0: Called Strike
0-1: Foul Ball, location: 2F
0-2: Strikes out swinging
Bottom of the 5th over - 0 runs, 0 hits, 0 errors, 1 left on base; New York 2 - Chicago 1
TOP OF THE 6TH
New York Mets batting - Pitching for Chicago White Sox : RHP Steve Roice
Batting: RHB Henry Cano 0-0: Called Strike
0-1: Fly out, F9 (Line Drive, 9LS, EV 89.4 MPH)
Batting: RHB Dan Serratos 0-0: Ball
1-0: Fly out, F9 (Flyball, 9, EV 85.6 MPH)
Batting: RHB Juan Fernandez 0-0: Called Strike
0-1: Ball
1-1: Ball
2-1: Called Strike
2-2: Foul Ball, location: 25F
2-2: Strikes out swinging
Top of the 6th over - 0 runs, 0 hits, 0 errors, 0 left on base; New York 2 - Chicago 1
BOTTOM OF THE 6TH
Chicago White Sox batting - Pitching for New York Mets : RHP Chotaro Tomita
Batting: LHB Steve Irons 0-0: Ball
1-0: Called Strike
1-1: Called Strike
1-2: Ball
2-2: SINGLE (Line Drive, 6MD, EV 106.3 MPH)
Pitching: RHP Eric Davis
Batting: LHB Dave Hernanez 0-0: Ball
1-0: Ball
2-0: Called Strike
2-1: Fly out, F7 (Flyball, 7D, EV 105.0 MPH)
Runner from 1st tags up, SAFE at 2nd
Batting: RHB Jake Fleece 0-0: Ball
1-0: Ball
2-0: Foul Ball, location: 23FF
2-1: Foul Ball, location: 3F
2-2: Fly out, F9 (Flyball, 9, EV 91.3 MPH)
Batting: LHB Sergio Lucio 0-0: Called Strike
0-1: Ball
1-1: Called Strike
1-2: Ball
2-2: Strikes out looking
Bottom of the 6th over - 0 runs, 1 hit, 0 errors, 1 left on base; New York 2 - Chicago 1
TOP OF THE 7TH
New York Mets batting - Pitching for Chicago White Sox : RHP Steve Roice
Batting: LHB Zayne Sorto 0-0: Ball
1-0: Fly out, F5 (Line Drive, 5L, EV 68.8 MPH)
Batting: SHB C.J. Youakim 0-0: Swinging Strike
0-1: Ball
1-1: Swinging Strike
1-2: Ball
2-2: Strikes out swinging
Batting: RHB Bobby Vargas 0-0: Ball
1-0: Called Strike
1-1: Foul Ball, location: 25F
1-2: Foul Ball, location: 7LSF
1-2: Ball
2-2: Foul Ball, location: 25F
2-2: Foul Ball, location: 2F
2-2: Ball
3-2: Foul Ball, location: 9LSF
3-2: Hit by Pitch
Pitching: RHP Jon Arrieta
Batting: RHB Loys Moscoso 0-0: Ball
1-0: Ball
2-0: Fly out, F9 (Flyball, 9S, EV 78.8 MPH)
Top of the 7th over - 0 runs, 0 hits, 0 errors, 1 left on base; New York 2 - Chicago 1
BOTTOM OF THE 7TH
Chicago White Sox batting - Pitching for New York Mets : RHP Eric Davis
Batting: RHB A.J. Kackley 0-0: Called Strike
0-1: Foul Ball, location: 2F
0-2: DOUBLE (Flyball, 8LXD, EV 103.1 MPH)
Batting: LHB Riley Greene 0-0: Foul Ball, location: 5F
0-1: Ground out 1-3 (Groundball, 13S, EV 75.6 MPH)
A.J. Kackley to third
Batting: SHB Guilhem Flores 0-0: Called Strike
0-1: Swinging Strike
0-2: Strikes out swinging
Batting: RHB Jose Zuniga 0-0: Called Strike
0-1: Ball
1-1: SINGLE (Line Drive, 6D, EV 98.1 MPH)
A.J. Kackley scores
Pitching: LHP Danny Miller
Batting: LHB Chris Padilla 0-0: Ball
1-0: Ball
2-0: Called Strike
2-1: Fly out, F9 (Flyball, 9, EV 98.8 MPH)
Bottom of the 7th over - 1 run, 2 hits, 0 errors, 1 left on base; New York 2 - Chicago 2
TOP OF THE 8TH
New York Mets batting - Pitching for Chicago White Sox : RHP Jon Arrieta
Batting: RHB Ben Sweeney 0-0: Swinging Strike
0-1: Foul Ball, location: 23FF
0-2: Ball
1-2: Fly out, F9 (Flyball, 89D, EV 103.8 MPH)
Batting: RHB Julian Moreno 0-0: Ball
1-0: Called Strike
1-1: Ball
2-1: Called Strike
2-2: Ball
3-2: Foul Ball, location: 9LDF
3-2: SINGLE (Groundball, 6S, EV 69.4 MPH) (infield hit)
Pinch Hitting: LHB Marco Quintana 0-0: Called Strike
0-1: Called Strike
0-2: Foul Ball, location: 2F
0-2: Foul Ball, location: 2F
0-2: Ball
1-2: Foul Ball, location: 3FF
1-2: Ball
2-2: Foul Ball, location: 2F
2-2: DOUBLE (Flyball, 78D, EV 108.1 MPH)
Julian Moreno to third
Runner from 3rd tries for Home, SAFE, no throw by LF
Batting: RHB Dan Serratos 0-0: Intentional Walk
Pitching: RHP Nate Pulido
Batting: RHB Juan Fernandez 0-0: Ball
1-0: Fly out, F9 (Flyball, 89M, EV 83.8 MPH)
Batting: LHB Zayne Sorto 0-0: Foul Ball, location: 7LSF
0-1: Ball
1-1: Called Strike
1-2: Strikes out swinging
Top of the 8th over - 1 run, 2 hits, 0 errors, 2 left on base; New York 3 - Chicago 2
BOTTOM OF THE 8TH
Chicago White Sox batting - Pitching for New York Mets : LHP Danny Miller
Now at 1B: Zayne Sorto
Now at 2B: Marco Quintana
Now at SS: Loys Moscoso
Batting: LHB Steve Irons 0-0: Called Strike
0-1: Foul Ball, location: 2F
0-2: Ball
1-2: SINGLE (Line Drive, 56, EV 107.5 MPH)
Pinch Hitting: RHB Agustin Martines 0-0: Ball
1-0: Ball
2-0: Ball
3-0: Called Strike
3-1: Reached on error, E6 (Groundball, 56, EV 76.9 MPH)
Steve Irons to second
Pitching: RHP Jeff Grinnell
Batting: RHB Jake Fleece 0-0: Ball
Passed Ball!
Steve Irons to third
Agustin Martines to second
1-0: Called Strike
1-1: Ball
2-1: SINGLE (Groundball, 6MD, EV 94.4 MPH)
Steve Irons scores
Agustin Martines to third
Batting: LHB Sergio Lucio 0-0: Called Strike
0-1: Foul Ball, location: 25FF
0-2: Foul Ball, location: 3F
0-2: SINGLE (Line Drive, 7LS, EV 95.6 MPH)
Agustin Martines scores
Jake Fleece to second
Batting: RHB A.J. Kackley 0-0: Hit by Pitch
Jake Fleece to third
Sergio Lucio to second
Batting: LHB Riley Greene 0-0: Called Strike
0-1: Ball
1-1: Swinging Strike
1-2: Ball
2-2: Foul Ball, location: 2F
2-2: Strikes out swinging
Batting: SHB Guilhem Flores 0-0: Ball
1-0: Ball
2-0: DOUBLE (Line Drive, 78D, EV 97.5 MPH)
Jake Fleece scores
Sergio Lucio scores
A.J. Kackley to third
Runner from 3rd tries for Home, SAFE, throw by CF to home
Pitching: RHP Chris Eggemeyer
Batting: RHB Jose Zuniga 0-0: Ball
1-0: Ball
2-0: Ball
3-0: Called Strike
3-1: Base on Balls
Batting: LHB Chris Padilla 0-0: Foul Ball, location: 25F
0-1: Ball
Guilhem Flores steals 3rd base
1-1: Ball
2-1: Swinging Strike
2-2: Strikes out swinging
Batting: LHB Steve Irons 0-0: Called Strike
0-1: Ball
1-1: Single, Error in OF, E9, batter to second base (Line Drive, 34D, EV 99.4 MPH)
Guilhem Flores scores
Jose Zuniga to third
Batting: RHB Agustin Martines 0-0: Foul Ball, location: 2F
0-1: Swinging Strike
0-2: Fly out, F8 (Line Drive, 8LS, EV 96.9 MPH)
Bottom of the 8th over - 6 runs, 5 hits, 2 errors, 2 left on base; New York 3 - Chicago 8
TOP OF THE 9TH
New York Mets batting - Pitching for Chicago White Sox : RHP Nate Pulido
Now in LF: Greg Herzog
Batting: SHB C.J. Youakim 0-0: Called Strike
0-1: Called Strike
0-2: Ball
1-2: Ground out 4-3 (Groundball, 4, EV 107.5 MPH)
Batting: RHB Bobby Vargas 0-0: Ball
1-0: Swinging Strike
1-1: Ball
2-1: SOLO HOME RUN (Flyball, 89XD, EV 105.6 MPH), Distance : 415 ft
Batting: RHB Loys Moscoso 0-0: Ball
1-0: Ball
2-0: Foul Ball, location: 3FF
2-1: Foul Ball, location: 9LMF
2-2: Ground out 1-3 (Groundball, 15S, EV 66.3 MPH)
Batting: RHB Ben Sweeney 0-0: Called Strike
0-1: Ground out 6-3 (Groundball, 6, EV 104.4 MPH)
Top of the 9th over - 1 run, 1 hit, 0 errors, 0 left on base; New York 4 - Chicago 8
Saturday, March 30th , 2024 - OOTP Baseball 24.11 Build 85